 Dungeon Crawl Stone Soup version 0.20-a0-809-gaf7f668 (webtiles) character file.

45 Gorglomux the Chopper (level 3, -1/19 HPs)
             Began as a Vine Stalker Berserker on Mar 2, 2017.
             Was a Believer of Trog.
             Slain by a worm (6 damage)
             ... on level 2 of the Dungeon.
             The game lasted 00:01:35 (887 turns).

Gorglomux the Chopper (Vine Stalker Berserker)       Turns: 887, Time: 00:01:35

Health: -1/19      AC:  2    Str: 20    XL:     3   Next: 64%
Magic:  0/4        EV: 12    Int:  7    God:    Trog [**....]
Gold:   40         SH:  0    Dex: 13    Spells: 2/2 levels left

rFire    . . .     SeeInvis .   a - +0 hand axe
rCold    . . .     Gourm    .   b - +0 animal skin
rNeg     . . .     Faith    .   (no shield)
rPois    .         Spirit   +   (no helmet)
rElec    .         Reflect  .   (no cloak)
rCorr    .         Harm     .   (no gloves)
MR       .....                  (no boots)
Stlth    +.........             (no amulet)
Regen    0.1/turn               (no ring)
MPRegen  0.1/turn               (no ring)

@: no status effects
A: fangs 2, magic shield, antimagic bite, no potion heal 3, rot immunity
a: Berserk, Trog's Hand, Burn Spellbooks, Renounce Religion


You were on level 2 of the Dungeon.
You worshipped Trog.
Trog was pleased with you.
You were not hungry.

You visited 1 branch of the dungeon, and saw 2 of its levels.

You collected 40 gold pieces.

Inventory:

Hand Weapons
 a - a +0 hand axe (weapon)
Armour
 b - a +0 animal skin (worn)
Scrolls
 g - 2 scrolls of identify {unknown}
 h - a scroll of remove curse {unknown}
Potions
 e - a potion of berserk rage {unknown}
 f - a potion of resistance {unknown}
 j - a potion of curing {unknown}
 k - a potion of flight {unknown}
Comestibles
 c - 2 bread rations
 d - 2 chunks of flesh
 i - 2 meat rations


   Skills:
 - Level 2.6 Fighting
 + Level 4.1 Axes
 - Level 1.5 Armour
 - Level 1.5 Dodging


You had 2 spell levels left.
You didn't know any spells.

Dungeon Overview and Level Annotations

Branches:
Dungeon (2/15)

Altars:


Innate Abilities, Weirdness & Mutations

You have extremely sharp teeth.
When hurt, damage is shared between your health and your magic reserves.
Your bite disrupts and absorbs the magic of your enemies.
Potions cannot restore your health.
You are immune to rotting.


Message History

A worm is nearby!
A worm is nearby!
The worm bites you!
You hit the worm but do no damage. Your bite misses the worm.
The worm bites you but does no damage.
You hit the worm but do no damage. You bite the worm. You drain its power.
You feel invigorated.
The worm is lightly wounded.
You hit the worm but do no damage. You bite the worm. You drain its power.
The worm is lightly wounded.
The worm bites you.
* * * LOW HITPOINT WARNING * * *
You barely miss the worm. You bite the worm. You drain its power.
The worm is moderately wounded.
The worm bites you!
* * * LOW HITPOINT WARNING * * *
You barely miss the worm.
The worm is lightly wounded.
The worm bites you!
You die...

.. ..# ## #.###
.. #... #. ##
.##...##. ..#
#.......# #.. #
#.......##.# .#
.......@w?# ..
..........###.#
..######......#
# #.#.####
#......#..
####.#.#.#
#..<..#.# #.#
#.##..#.# #.#
#.....#.# #.#


You could see a worm.

Vanquished Creatures
  2 oozes (D:1)
  A worm (D:1)
  3 giant cockroaches (D:1)
  4 goblins (D:1)
  2 hobgoblins (D:1)
  4 jackals (D:1)
  3 kobolds (D:1)
  5 bats
  A frilled lizard (D:1)
  5 rats (D:1)
30 creatures vanquished.

Notes
Turn   | Place    | Note
-------+----------+-------------------------------------------
     0 | D:1      | Gorglomux the Vine Stalker Berserker began the quest for the Orb.
     0 | D:1      | Reached XP level 1. HP: 11/11 MP: 2/2
    34 | D:1      | Reached skill level 3 in Axes
    34 | D:1      | Reached XP level 2. HP: 14/16 MP: 3/3
   204 | D:1      | Reached XP level 3. HP: 16/19 MP: 4/4
   554 | D:1      | Reached skill level 4 in Axes
   752 | D:1      | Reached ** piety under Trog
   887 | D:2      | Slain by a worm

Vault maps used:
D:1:      erik_arrival_gehennom, serial_glass, glass_columns_c, glass_columns_a,
          glass_columns_a
D:2:      overflow_temple_1_default, tso_metal_star, minmay_vboxes

Skill      XL: |  1  2  3 |
---------------+----------+-----
Axes           | 3 4 |  4.1
Fighting       | |  2.6
Armour         | |  1.5
Dodging        | |  1.5

Action                   || total
-------------------------++-------
Melee: Hand axe          ||    83
       Bite              ||    17
Invok: Berserk           ||     1
 Stab: Sleeping          ||     2
  Eat: Chunk             ||     1
Armor: Animal skin       ||    24
Dodge: Dodged            ||    48
